 Dungeon Crawl Stone Soup version 0.31-a0-277-g31ea1f65cc (webtiles) character file.

Game seed: 11100178123536408916

225993 Monkooky the Warrior (level 18, -7/166 HPs)
             Began as a Naga Shapeshifter on July 15, 2023.
             Was the Champion of Hepliaklqana.
             Killed from afar by a war gargoyle (22 damage)
             ... with a spray of metal splinters
             ... led by a peacekeeper
             ... on level 1 of the Vaults on July 16, 2023.
             The game lasted 02:09:45 (41481 turns).

Monkooky the Warrior (Naga Shapeshifter)           Turns: 41481, Time: 02:09:47

Health: -7/166     AC: 11    Str: 20    XL:     18   Next: 87%
Magic:  0/25       EV: 20    Int: 10    God:    Hepliaklqana [******]
Gold:   310        SH:  7    Dex: 16    Spells: 7/17 levels left

rFire   + + .        q - +4 quick blade (flame)
rCold   + . .        O - +1 buckler {rF+}
rNeg    . . .        Z - +2 robe {rC+}
rPois   +            (helmet currently unavailable)
rElec   .            (cloak currently unavailable)
rCorr   .            (gloves currently unavailable)
SInv    +            y - melded +2 barding
Will    ++...        C - amulet of guardian spirit
Stlth   ++++++       V - ring of the Octopus King {rF+ HP+2 AC+2 EV+2 SH+2}
HPRegen 0.47/turn    F - +5 ring of evasion
MPRegen 0.19/turn

%: guardian spirit
@: beast-form, studying Evocations, very slow
A: beast (slay +7), reduced essence, AC +6, large, see invisible, deformed body,
poison resistance, slowness 2, spit poison 1, naga tail 2
}: 2/15 runes: barnacled, gossamer
a: Spit Poison, Begin Untransformation, Renounce Religion, Recall Ancestor,
Ancestor Identity, Transference, Idealise


You were on level 1 of the Vaults.
You worshipped Hepliaklqana.
Hepliaklqana was exalted by your worship.
You were a hulking beast.
You visited 8 branches of the dungeon, and saw 33 of its levels.
You also visited: Gauntlet, Ice Cave and Volcano.

You collected 3030 gold pieces.
You spent 2720 gold pieces at shops.

Inventory:

Hand Weapons
 q - a +4 quick blade of flaming (weapon)
Missiles
 e - 5 throwing nets
Armour
 k - a +1 cloak of preservation
 y - a +2 barding (melded)
 G - a +0 helmet
 J - +0 acid dragon scales
 O - a +1 buckler of fire resistance (worn)
 U - the +0 pair of gloves of Idealism {rElec Str+5}
   (You found it in a Gauntlet)

   Str:       It affects your strength (+5).
   rElec:     It insulates you from electricity.
 Z - a +2 robe of cold resistance (worn)
Jewellery
 m - a ring of protection from cold
 C - an amulet of guardian spirit (around neck)
 E - a +6 ring of dexterity
 F - a +5 ring of evasion (right hand)
 Q - a ring of positive energy
 R - a ring of protection from fire
 V - a ring of the Octopus King (left hand) {rF+ HP+2 AC+2 EV+2 SH+2}
   (You found it in an ice cave)

   [ring of protection from fire]

   AC:        It affects your AC (+2).
   EV:        It affects your evasion (+2).
   rF:        It protects you from fire.
   HP:        It affects your health (+2).
   SH:        It affects your SH (+2).
Talismans
 c - a beast talisman
 o - a granite talisman
Wands
 d - a wand of roots (27)
 i - a wand of charming (32)
 p - a wand of mindburst (11)
 z - a wand of acid (10)
 L - a wand of flame (15) (quivered)
 N - a wand of digging (22)
Scrolls
 b - 7 scrolls of teleportation
 h - a scroll of fear
 j - 6 scrolls of amnesia
 r - 7 scrolls of revelation
 s - 8 scrolls of fog
 x - a scroll of silence
 I - 2 scrolls of immolation
 S - 3 scrolls of poison
 T - 3 scrolls of blinking
Potions
 a - 2 potions of haste
 f - 3 potions of cancellation
 g - 5 potions of heal wounds
 l - 3 potions of invisibility
 n - a potion of brilliance
 u - 2 potions of magic
 v - 2 potions of resistance
 w - 13 potions of ambrosia
 A - 4 potions of attraction
 B - 3 potions of lignification
 D - 9 potions of curing
 K - a potion of enlightenment
 M - a potion of berserk rage
 Y - 2 potions of might
Miscellaneous
 t - a tin of tremorstones (1/2)
 H - a phantom mirror
 P - a phial of floods
 W - a lightning rod (2/4)
 X - a sack of spiders (inert)


   Skills:
 - Level 16.9 Fighting
 - Level 14.0 Short Blades
 - Level 5.3 Maces & Flails
 - Level 7.1 Dodging
 - Level 16.3 Stealth
 - Level 2.6 Unarmed Combat
 - Level 9.3 Invocations
 * Level 15.1 Evocations
 - Level 15.2 Shapeshifting


You had 7 spell levels left.
You knew the following spells:

 Your Spells              Type           Power      Damage    Failure   Level
a - Wereblood             Tmut           0%         N/A       58%         2
b - Vhi's Electric Charg  Tloc/Air       0%         N/A       82%         3
c - Alistair's Intoxicat  Tmut/Pois      0%         N/A       100%        5

Your spell library contained the following spells:

 Spells                   Type           Power      Damage    Failure   Level
 Apportation              Tloc           0%         N/A       43%         1
 Sting                    Tmut/Pois      0%         1d3       43%         1
 Lesser Beckoning         Tloc           0%         N/A       58%         2
 Poisonous Vapours        Pois/Air       0%         N/A       58%         2
 Scorch                   Fire           0%         2d5       58%         2
 Sublimation of Blood     Necr           0%         N/A       58%         2
 Gell's Gravitas          Tloc           0%         N/A       82%         3
 Hailstorm                Conj/Ice       0%         3d3       82%         3
 Inner Flame              Hex/Fire       0%         N/A       82%         3
 Ozocubu's Armour         Ice            0%         N/A       82%         3
 Stone Arrow              Conj/Erth      0%         3d7       82%         3
 Teleport Other           Tloc           0%         N/A       82%         3
 Anguish                  Hex/Necr       0%         N/A       99%         4
 Animate Armour           Summ/Erth      0%         N/A       99%         4
 Animate Dead             Necr           0%         N/A       99%         4
 Cause Fear               Hex            0%         N/A       99%         4
 Flame Wave               Conj/Fire      0%         2d4       99%         4
 Manifold Assault         Tloc           0%         N/A       99%         4
 Olgreb's Toxic Radiance  Pois           0%         N/A       99%         4
 Passage of Golubria      Tloc           0%         N/A       99%         4
 Summon Ice Beast         Ice/Summ       0%         N/A       99%         4
 Summon Lightning Spire   Summ/Air       0%         N/A       99%         4
 Arcjolt                  Conj/Air       0%         1d10      100%        5
 Borgnjor's Vile Clutch   Necr/Erth      0%         N/A       100%        5
 Lee's Rapid Deconstruct  Erth           0%         3d4*      100%        5
 Silence                  Hex/Air        0%         N/A       100%        5
 Summon Forest            Summ/Tloc      0%         N/A       100%        5
 Summon Mana Viper        Hex/Summ       0%         N/A       100%        5
 Yara's Violent Unravell  Hex/Tmut       0%         3d3       100%        5
 Death Channel            Necr           0%         N/A       100%        6
 Dispersal                Tloc           0%         N/A       100%        6
 Simulacrum               Ice/Necr       0%         N/A       100%        6
 Summon Cactus Giant      Summ           0%         N/A       100%        6
 Enfeeble                 Hex            0%         N/A       100%        7
 Ozocubu's Refrigeration  Ice            0%         4d7       100%        7
 Summon Hydra             Summ           0%         N/A       100%        7
 Discord                  Hex            0%         N/A       100%        8
 Disjunction              Tloc           0%         N/A       100%        8
 Ignition                 Fire           0%         3d3       100%        8
 Lehudib's Crystal Spear  Conj/Erth      0%         10d2      100%        8
 Maxwell's Capacitive Co  Air            0%         ∞         100%        8


Dungeon Overview and Level Annotations

Branches:
Dungeon (15/15)            Temple (1/1) D:7            Lair (5/5) D:10
 Shoals (4/4) Lair:3       Spider (4/4) Lair:3        Slime (1/5) Lair:4
    Orc (2/2) D:10            Elf (0/3) Orc:2        Vaults (1/5) D:14
 Depths (0/4) D:15          IceCv (visited)         Volcano (visited)
Gauntlet (visited)

Altars:
Ashenzari
Cheibriados
Dithmenos
Elyvilon
Fedhas
Gozag
Hepliaklqana
Kikubaaqudgha
Makhleb
Nemelex Xobeh
Okawaru
Qazlal
Ru
Sif Muna
Trog
Uskayaw
Vehumet
Wu Jian
Xom
Yredelemnul
Zin
The Shining One
Jiyva

Shops:
D:2 (   D:4 !   D:8 (   Orc:2 *!?[   Shoals:1 *:

Annotations:
D:8 1 runed translucent door
Lair:4 exclusion: downstairs
Shoals:4 1 runed translucent door, lotum's ghost, adept DrCj


Innate Abilities, Weirdness & Mutations

You are a hulking beast.
Your limbs bulge with bestial killing power. (Slay +7)
Your life essence is reduced to manifest your ancestor. (-10% HP)
Your serpentine skin is tough. (AC +6)
You have supernaturally acute eyesight. (SInv)
Armour fits poorly on your strangely shaped body.
Your system is resistant to poisons. (rPois)
You cover ground very slowly.
You can spit poison.
You can use your snake-like lower body to constrict enemies.


Message History

Unknown command.
You hit the war gargoyle. You grab the war gargoyle. You hit the war gargoyle.
You burn the war gargoyle.
The war gargoyle is heavily damaged.
You constrict the war gargoyle, but do no damage.
Sunngifu hits the war gargoyle but does no damage.
Unknown command.
You hit the war gargoyle.
You hit the war gargoyle but do no damage.
The war gargoyle is heavily damaged.
You constrict the war gargoyle.
Sunngifu hits the war gargoyle but does no damage.
The war gargoyle hits Sunngifu with a +1 flail of protection!!
Sunngifu is destroyed!
The tremorstone explodes into fragments!
The burst of rock shards engulfs the vault guard but does no damage.
The burst of rock shards engulfs the vault warden!
The burst of rock shards engulfs the war gargoyle but does no damage.
The burst of rock shards engulfs the vault warden but does no damage.
The burst of rock shards engulfs the war gargoyle but does no damage.
The burst of rock shards engulfs the vault warden!
The burst of rock shards engulfs the war gargoyle but does no damage.
The burst of rock shards engulfs the vault warden.
The burst of rock shards engulfs the war gargoyle but does no damage.
The burst of rock shards engulfs the vault guard but does no damage.
You constrict the war gargoyle.
You hear a shout!
The war gargoyle hits you with a +1 flail of protection!!
* * * LOW HITPOINT WARNING * * *
The vault warden activates a sealing rune.
The doors slam shut!
Unknown command.
You feel much better.
You constrict the war gargoyle, but do no damage.
The war gargoyle launches metal splinters at you.
The spray of metal splinters hits you!!!
* * * LOW HITPOINT WARNING * * *
The war gargoyle launches metal splinters at you.
The spray of metal splinters hits you!!
You die...

.# .# .#
######.###+#
#...........
#...........
#....p......
#...h9......
#..[....p...
##+######+## ..)#
..... #.....#..
#... #.....#..
#...# .#
#.....#.###...###.#
#.....#...........+
'.....#.....#.....#


You could see a vault warden, a vault guard and a war gargoyle (catching
breath).

Vanquished Creatures
  Mlioglotl (Shoals:1)
  A kraken (Shoals:4)
  A sphinx (Vaults:1)
  Frances (Shoals:1)
  Donald (Shoals:2)
  Aizul (Shoals:1)
  An emperor scorpion (Spider:3)
  A vault warden (Vaults:1)
  A frost giant (IceCv)
  5 ghost moths
  Louise (D:15)
  2 ironbound preservers (Vaults:1)
  A broodmother (Spider:4)
  3 formless jellyfish
  Azrael (D:12)
  A dire elephant (D:15)
  A red draconian (Volcano)
  2 spark wasps
  A minotaur (Gauntlet)
  3 merfolk javelineers
  Josephine (Shoals:1)
  2 great orbs of eyes
  5 entropy weavers
  3 merfolk impalers (Shoals:4)
  2 hydras
  A rakshasa (D:15)
  A vault guard (Vaults:1)
  A peacekeeper (Vaults:1)
  A radroach (Spider:4)
  An alligator snapping turtle (Shoals:3)
  A merfolk aquamancer (Shoals:4)
  An ogre mage (Volcano)
  4 catoblepae (Lair:5)
  4 merfolk avatars
  4 satyrs
  2 dancing weapons (D:14)
  2 tengu warriors (D:14)
  7 boulder beetles
  2 centaur warriors
  2 two-headed ogres (D:9)
  10 death yaks
  An orc high priest (Orc:2)
  Nergalle (Orc:1)
  3 demonic crawlers
  8 pharaoh ants
  4 skeletal warriors (D:15)
  Lodul (D:13)
  A sun moth (Spider:2)
  A sixfirhy (Gauntlet)
  A skyshark (Lair:2)
  7 sea snakes
  5 orb spiders
  6 steelbarb worms
  4 deep trolls (Vaults:1)
  8 wolf spiders
  5 orc knights (Orc:2)
  A phantasmal warrior (D:13)
  4 harpies
  2 deep elf pyromancers
  16 manticores
  An oklob plant (Gauntlet)
  A salamander (D:15)
  6 cyclopes
  3 moths of wrath
  15 ugly things
  7 fauns
  An orc sorcerer (Orc:1)
  4 merfolk sirens
  4 torpor snails
  8 elephants
  2 black mambas
  8 water nymphs
  2 gargoyles
  3 vault sentinels (Vaults:1)
  An unseen horror (D:11)
  2 kobold demonologists
  9 cane toads
  2 rime drakes
  3 efreet (D:15)
  3 komodo dragons
  2 freezing wraiths
  9 meliai
  A queen bee (D:12)
  27 merfolk
  A troll (shapeshifter) (D:13)
  3 hornets
  3 trolls
  16 polar bears
  6 saltlings (Orc:2)
  16 tarantellas
  6 wind drakes
  5 dream sheep
  7 snapping turtles
  9 slime creatures
  Sigmund (D:4)
  9 culicivoras
  6 water elementals
  A centaur simulacrum (D:14)
  10 jumping spiders
  A wyvern (Lair:2)
  9 wraiths
  56 yaks
  2 fire elementals (D:12)
  9 vampire mosquitoes (D:12)
  5 fire bats
  2 steam dragons
  A basilisk (Lair:1)
  53 redbacks
  Menkaure (D:6)
  4 wargs
  A hell hound (D:12)
  An acid dragon (Gauntlet)
  10 water moccasins
  9 orc warriors
  2 sky beasts
  A black bear (D:10)
  18 wolves
  A centaur (D:8)
  16 ogres
  5 kobold brigands
  7 bullfrogs
  A scorpion (D:10)
  5 wights (D:8)
  23 killer bees
  2 howler monkeys (D:9)
  8 electric eels
  3 lava snakes (Volcano)
  A human zombie (D:8)
  5 hounds
  A jelly (D:6)
  11 orc priests
  5 iguanas
  A hexer (Lair:2)
  14 orc wizards
  5 hell rats (Lair:2)
  A human skeleton (D:8)
  3 gnolls (D:2)
  5 adders
  3 shadow imps
  11 white imps (Orc:2)
  An ufetubus (Gauntlet)
  3 worms
  A dart slug (D:1)
  52 orcs
  7 endoplasms
  2 giant cockroaches
  3 goblins
  5 hobgoblins
  8 jackals
  3 quokkas
  4 ball pythons
  A bat (D:2)
  20 kobolds
  2 rats (D:3)
  4 tentacles (Shoals:4)
827 creatures vanquished.

Vanquished Creatures (collateral kills)
  A rockslime (Lair:4)
  An orc warlord (Orc:2)
  A merfolk javelineer (Shoals:4)
  A merfolk impaler (Shoals:1)
  A hydra (Lair:2)
  2 vault guards (Vaults:1)
  Fannar (D:12)
  An entropy weaver (Vaults:1)
  An alligator snapping turtle (Shoals:1)
  2 centaur warriors
  A death knight (D:13)
  2 two-headed ogres
  A boulder beetle (D:12)
  4 death yaks
  A merfolk aquamancer (Shoals:4)
  Urug (Lair:2)
  A skeletal warrior (D:15)
  Amaemon (Lair:2)
  2 deep trolls (Vaults:1)
  2 sea snakes (Shoals:4)
  A steelbarb worm (Spider:4)
  2 ugly things
  2 orc knights (Orc:2)
  2 wolf spiders
  A cyclops (Orc:2)
  5 elephants
  A faun (Shoals:1)
  A manticore (Shoals:1)
  An ice statue (IceCv)
  2 merfolk sirens
  2 cane toads
  An orange demon (Lair:2)
  A kobold demonologist (D:8)
  A rime drake (Lair:4)
  3 komodo dragons
  2 trolls
  2 polar bears
  3 merfolk
  A meliai (Spider:4)
  A wind drake (Shoals:4)
  2 hornets
  3 dream sheep
  6 tarantellas
  4 saltlings (Orc:2)
  A jumping spider (Spider:2)
  A culicivora (Lair:3)
  3 fire bats (Volcano)
  19 yaks
  A basilisk (Lair:4)
  A vampire mosquito (D:12)
  2 steam dragons
  10 redbacks
  3 water moccasins
  4 orc warriors
  3 black bears
  An ice beast (D:6)
  3 wolves
  2 centaurs (D:9)
  2 kobold brigands
  4 bullfrogs
  5 wights (D:8)
  4 killer bees
  An electric eel (D:11)
  A jelly (D:4)
  6 lava snakes (Volcano)
  An orc priest (Orc:2)
  4 orc wizards
  A hell rat (Lair:2)
  An adder (D:5)
  A shadow imp (D:7)
  3 white imps
  2 ufetubi (Gauntlet)
  A dart slug (D:3)
  16 orcs
  An endoplasm (D:4)
  A goblin (D:4)
  3 jackals (D:4)
  9 kobolds
199 creatures vanquished.

Vanquished Creatures (others)
  2 two-headed ogres (Volcano)
  A skyshark (Lair:2)
  A black mamba (Lair:2)
  A merfolk (Shoals:1)
  A hell hound (D:12)
  32 hexers
  2 orcs
  6 tentacles (Shoals:4)
46 creatures vanquished.

Grand Total: 1072 creatures vanquished

Notes
Turn   | Place    | Note
-------+----------+-------------------------------------------
     0 | D:1      | Monkooky the Naga Shapeshifter began the quest for the Orb.
     0 | D:1      | Reached XP level 1. HP: 19/19 MP: 1/1
   232 | D:1      | Reached XP level 2. HP: 22/26 MP: 2/2
  1001 | D:2      | Reached XP level 3. HP: 26/34 MP: 3/3
  1146 | D:2      | Found Rowko's Weapon Emporium.
  1228 | D:2      | Reached XP level 4. HP: 42/42 MP: 4/4
  1310 | D:2      | Found a hazy altar of Hepliaklqana.
  1351 | D:2      | Became a worshipper of Hepliaklqana the Forgotten
  2041 | D:3      | Reached * piety under Hepliaklqana
  2170 | D:2      | Bought a +0 dagger of speed for 104 gold pieces
  2196 | D:3      | Found an opulent altar of Gozag.
  2449 | D:3      | Found an opulent altar of Gozag.
  2451 | D:3      | Found an opulent altar of Gozag.
  2462 | D:3      | Found an opulent altar of Gozag.
  2765 | D:4      | Reached XP level 5. HP: 31/44 MP: 5/5
  2881 | D:4      | Found a bloodstained altar of Trog.
  2940 | D:4      | Noticed a sky beast
  2950 | D:4      | Killed a sky beast
  2951 | D:4      | Reached XP level 6. HP: 24/50 MP: 6/6
  3108 | D:4      | Noticed Sigmund
  3118 | D:4      | Killed Sigmund
  3119 | D:4      | Reached skill level 5 in Short Blades
  3237 | D:4      | Reached XP level 7. HP: 55/55 MP: 7/7
  3505 | D:4      | Found Wuxai's Distillery.
  3640 | D:4      | Bought a potion of degeneration for 12 gold pieces
  3640 | D:4      | Bought a potion of heal wounds for 60 gold pieces
  3776 | D:5      | Entered Level 5 of the Dungeon
  3823 | D:5      | Reached ** piety under Hepliaklqana
  3824 | D:5      | Remembered your ancestor Sunngifu as a hexer
  3991 | D:5      | You fall into a shaft and drop 1 floor!
  4042 | D:6      | Noticed Menkaure
  4057 | D:6      | Killed Menkaure
  4243 | D:6      | Reached XP level 8. HP: 62/62 MP: 8/8
  4303 | D:6      | Found a white marble altar of Elyvilon.
  4516 | D:6      | Found a glowing silver altar of Zin.
  4680 | D:5      | Found a sparkling altar of Nemelex Xobeh.
  4731 | D:5      | Found a hazy altar of Hepliaklqana.
  5599 | D:7      | Noticed a hornet
  5601 | D:7      | Noticed a hornet
  5739 | D:7      | Killed a hornet
  5740 | D:7      | Reached skill level 10 in Short Blades
  5740 | D:7      | Reached XP level 9. HP: 68/68 MP: 9/9
  5840 | D:7      | Reached skill level 5 in Stealth
  5910 | D:7      | Reached *** piety under Hepliaklqana
  5964 | D:7      | Killed a hornet
  6195 | D:7      | Noticed a hornet
  6206 | D:7      | Paralysed by a hornet for 2 turns
  6216 | D:7      | Killed a hornet
  6588 | D:7      | Found a staircase to the Ecumenical Temple.
  6813 | Temple   | Entered the Ecumenical Temple
  7059 | D:8      | Noticed a hornet
  7073 | D:8      | Killed a hornet
  7186 | D:8      | Found a runed translucent door.
  7203 | D:8      | Found a basalt altar of Yredelemnul.
  7284 | D:8      | Found Mipp's Antique Weapon Shoppe.
  7613 | D:8      | Reached skill level 1 in Invocations
  7613 | D:8      | Reached XP level 10. HP: 78/78 MP: 10/10
  7903 | D:8      | Reached **** piety under Hepliaklqana
  7935 | D:8      | Noticed a kobold demonologist
  7953 | D:8      | Killed a kobold demonologist
  7955 | D:8      | Noticed a kobold demonologist
  7957 | D:8      | Noticed a sixfirhy
  7971 | D:8      | Killed a kobold demonologist
  7972 | D:8      | Reached skill level 5 in Invocations
  8593 | D:9      | Noticed a two-headed ogre
  8602 | D:9      | Killed a two-headed ogre
  8603 | D:9      | Reached skill level 5 in Shapeshifting
  8693 | D:9      | Identified the +0 scale mail "Ehochaus" {Int+4}
  8948 | D:9      | Noticed a two-headed ogre
  8956 | D:9      | Killed a two-headed ogre
  9085 | D:9      | Found a shimmering altar of Xom.
  9204 | D:9      | Reached XP level 11. HP: 58/83 MP: 10/15
  9331 | D:9      | Found a stormy altar of Qazlal.
  9559 | D:10     | Entered Level 10 of the Dungeon
  9630 | D:10     | Found a staircase to the Lair.
 10030 | D:10     | Learned a level 2 spell: Wereblood
 10473 | D:10     | Found a burning altar of Makhleb.
 10474 | D:10     | Found a snail-covered altar of Cheibriados.
 10510 | D:10     | Noticed a deep elf pyromancer
 10523 | D:10     | Killed a deep elf pyromancer
 10687 | D:10     | Found a staircase to the Orcish Mines.
 11110 | Lair:1   | Entered Level 1 of the Lair of Beasts
 11143 | Lair:1   | Learned a level 3 spell: Vhi's Electric Charge
 11193 | Lair:1   | Reached skill level 10 in Shapeshifting
 11291 | Lair:1   | Reached ***** piety under Hepliaklqana
 12312 | Lair:2   | Noticed a boulder beetle
 12439 | Lair:2   | Noticed a seven-headed hydra
 12439 | Lair:2   | Noticed a skyshark
 12445 | Lair:2   | Killed a seven-headed hydra
 12446 | Lair:2   | Reached XP level 12. HP: 87/91 MP: 16/16
 12459 | Lair:2   | Noticed Urug
 12535 | Lair:2   | Killed Urug
 12536 | Lair:2   | Reached skill level 5 in Evocations
 12659 | Lair:2   | Found a dark tunnel.
 12750 | Volcano  | Entered a volcano
 13059 | Volcano  | Noticed a two-headed ogre
 13060 | Volcano  | Noticed a two-headed ogre
 13060 | Volcano  | Noticed a two-headed ogre
 13065 | Volcano  | Noticed an ogre mage
 13066 | Volcano  | Noticed a red draconian
 13082 | Volcano  | Killed an ogre mage
 13092 | Volcano  | Killed a two-headed ogre
 13113 | Volcano  | Killed a red draconian
 13356 | Volcano  | Found a radiant altar of Vehumet.
 13571 | Lair:2   | Noticed Amaemon
 13578 | Lair:2   | Reached skill level 5 in Fighting
 13579 | Lair:2   | Killed Amaemon
 13652 | Lair:2   | Noticed a skyshark
 13664 | Lair:2   | Killed a skyshark
 13866 | Lair:2   | Killed a boulder beetle
 15047 | Lair:3   | Gained mutation: You can use your snake-like lower body to
                  | constrict enemies. [Naga growth]
 15047 | Lair:3   | Reached XP level 13. HP: 103/103 MP: 17/17
 15052 | Lair:3   | Identified the +0 scale mail "Synun" {+Inv}
 15093 | Lair:3   | Reached skill level 10 in Stealth
 15163 | Lair:3   | Found a staircase to the Shoals.
 15552 | Lair:3   | Found a hole to the Spider Nest.
 17082 | Lair:4   | Found a viscous altar of Jiyva.
 17083 | Lair:4   | Found a staircase to the Slime Pits.
 17382 | Lair:5   | Entered Level 5 of the Lair of Beasts
 17879 | Lair:5   | Reached skill level 10 in Fighting
 18301 | Lair:5   | Reached XP level 14. HP: 103/119 MP: 16/18
 18742 | Lair:5   | Reached skill level 5 in Dodging
 19565 | Orc:1    | Entered Level 1 of the Orcish Mines
 19723 | Orc:1    | Noticed Nergalle
 19727 | Orc:1    | Killed Nergalle
 20098 | Orc:2    | Entered Level 2 of the Orcish Mines
 20134 | Orc:2    | Found a staircase to the Elven Halls.
 20268 | Orc:2    | Found a frozen archway.
 20330 | IceCv    | Entered an ice cave
 20538 | IceCv    | Identified the orb of the Imp {light, rN++ rCorr}
 20841 | IceCv    | Learned a level 5 spell: Alistair's Intoxication
 21111 | IceCv    | Identified the +11 morningstar "Kuh Tumal" {drain, Str+5}
 21130 | IceCv    | Noticed a frost giant
 21143 | IceCv    | Killed a frost giant
 21323 | IceCv    | Found the ring of the Octopus King
 21325 | IceCv    | Identified a ring of the Octopus King {rF+ HP+2 AC+2 EV+2
                  | SH+2}
 22145 | Orc:2    | Reached skill level 10 in Evocations
 22229 | Orc:2    | Reached XP level 15. HP: 115/129 MP: 18/22
 22237 | Orc:2    | Reached skill level 1 in Maces & Flails
 22519 | Orc:2    | Found Zuiwkuy's Antique Armour Shoppe.
 22544 | Orc:2    | Bought an encrusted tower shield for 190 gold pieces
 22544 | Orc:2    | Identified the +0 tower shield of the Everdark {rCorr Dex+2
                  | Stlth-} (You bought it in a shop on level 2 of the Orcish
                  | Mines)
 22663 | Orc:2    | Found Huclukeah's Distillery.
 22699 | Orc:2    | Noticed an orc warlord
 22703 | Orc:2    | Found Giymiw's Magic Scroll Shoppe.
 22709 | Orc:2    | Killed an orc warlord
 22710 | Orc:2    | Reached skill level 5 in Maces & Flails
 22741 | Orc:2    | Bought a scroll of acquirement for 624 gold pieces
 22741 | Orc:2    | Acquired a +1 vampiric quick blade
 22742 | Orc:2    | Acquired a manual of Fighting
 22754 | Orc:2    | Bought a scroll of blinking for 90 gold pieces
 22754 | Orc:2    | Bought a scroll of blinking for 90 gold pieces
 22754 | Orc:2    | Bought a scroll of fog for 48 gold pieces
 22754 | Orc:2    | Bought a scroll of teleportation for 36 gold pieces
 22754 | Orc:2    | Bought a scroll of vulnerability for 48 gold pieces
 22902 | Orc:2    | Found Gievouh's Assorted Antiques.
 22908 | Orc:2    | Bought a red potion for 33 gold pieces
 23311 | Orc:2    | Bought a potion of heal wounds for 185 gold pieces
 23470 | D:11     | Identified the +2 chain mail of Tukk {rF+ Regen+}
 24098 | D:12     | Noticed Azrael
 24110 | D:12     | Killed Azrael
 24172 | D:12     | Identified the +1 flail of an ice cave {spect, rC+ MP+9
                  | Str+3 Int-5}
 24431 | D:12     | Reached ****** piety under Hepliaklqana
 24659 | D:12     | Noticed Fannar
 24668 | D:12     | Killed Fannar
 25189 | D:13     | Noticed Lodul
 25199 | D:13     | Killed Lodul
 25349 | D:13     | Identified the +9 dagger "Tuptiasch" {protect, Int+4}
 25384 | D:13     | Found a hide-covered altar of Uskayaw.
 25661 | D:13     | Identified the +6 sling of the Uplifting Enemy {speed, MP+9
                  | Dex+3 Stlth+}
 26089 | D:14     | Found a gate to the Vaults.
 26309 | D:14     | Found a gate leading to a gauntlet.
 26320 | Gauntlet | Entered a Gauntlet
 26320 | Gauntlet | Found a transporter.
 26320 | Gauntlet | Found a transporter.
 26322 | Gauntlet | Found a transporter.
 26325 | Gauntlet | Found a transporter.
 26325 | Gauntlet | Found a transporter.
 26325 | Gauntlet | Found a transporter.
 26335 | Gauntlet | Found a transporter.
 26339 | Gauntlet | Found a transporter.
 26353 | Gauntlet | Found a transporter.
 26355 | Gauntlet | Found a transporter.
 26449 | Gauntlet | Found a transporter.
 26453 | Gauntlet | Found a transporter.
 26827 | Gauntlet | Identified the +0 pair of gloves of Idealism {rElec Str+5}
 26961 | Gauntlet | Found the +4 robe of Folly {Brill Will-∞ Int+8}
 26961 | Gauntlet | Identified the +9 dagger of Tefiyp {elec, Int+2}
 27223 | D:14     | Reached XP level 16. HP: 124/136 MP: 14/23
 28026 | Spider:1 | Entered Level 1 of the Spider Nest
 29468 | Spider:2 | Reached skill level 15 in Fighting
 30357 | Spider:3 | Identified the +3 trident of Sloth {pain, Will- Str-3 Int+9
                  | SInv}
 31765 | Spider:4 | Entered Level 4 of the Spider Nest
 32224 | Spider:4 | Reached XP level 17. HP: 157/157 MP: 24/24
 32262 | Spider:4 | Reached skill level 15 in Stealth
 32989 | Spider:4 | Got a gossamer rune of Zot
 33456 | Shoals:1 | Entered Level 1 of the Shoals
 33456 | Shoals:1 | Found Rales's Vocational Training.
 33633 | Shoals:1 | Found Goaqu's Assorted Antiques.
 33641 | Shoals:1 | Noticed Aizul
 33653 | Shoals:1 | Killed Aizul
 34329 | Shoals:2 | Noticed Donald
 34338 | Shoals:2 | Killed Donald
 34745 | Shoals:3 | Identified the +1 leather armour "Vodog" {Harm Will+ Dex+4}
 35013 | Shoals:1 | Bought a manual of Evocations for 1200 gold pieces
 35172 | Shoals:1 | Noticed Mlioglotl
 35185 | Shoals:1 | Killed Mlioglotl
 35210 | Shoals:1 | Noticed Josephine
 35221 | Shoals:1 | Killed Josephine
 35523 | Shoals:1 | Noticed Frances
 35539 | Shoals:1 | Killed Frances
 36663 | Shoals:4 | Entered Level 4 of the Shoals
 36663 | Shoals:4 | Found a runed translucent door.
 36664 | Shoals:4 | Noticed lotum's ghost (adept DrCj)
 36959 | Shoals:4 | Reached XP level 18. HP: 122/164 MP: 19/25
 37164 | Shoals:4 | Identified the +9 dagger "Moedgh" {flame, Fragile Will+
                  | Stlth+}
 38467 | Shoals:4 | Got a barnacled rune of Zot
 38898 | D:15     | Entered Level 15 of the Dungeon
 39315 | D:15     | Found a staircase to the Depths.
 39344 | D:15     | Noticed Louise
 39348 | D:15     | Killed Louise
 40485 | Slime:1  | Entered Level 1 of the Pits of Slime
 40492 | Slime:1  | Paralysed by a formless jellyfish for 1 turns
 41053 | Vaults:1 | Entered Level 1 of the Vaults
 41418 | Vaults:1 | Reached skill level 15 in Shapeshifting
 41472 | Vaults:1 | Reached skill level 15 in Evocations
 41481 | Vaults:1 | Killed from afar by a war gargoyle

Illustrated notes

Levels and vault maps discovered:
D:1:      amcnicky_arrival_double_pillar, layout_basic, minmay_misc_feat_x
D:2:      layout_loops_corners, basic_altar, serial_shops, shop, st_stairs_11
D:3:      layout_loops_ring, nicolae_gozag_conspicuous_consumption,
          serial_glass, glass_columns_c, glass_columns_a, feat_on_display,
          due_unseen_surprise, minmay_strange_pillars, feat_on_display
D:4:      layout_rooms, mainiacjoe_overflow_paths, serial_shops,
          nicolae_shop_tiny_glass, uniq_sigmund
D:5:      layout_rooms, lemuel_coloured_pillars_altar,
          nemelex_spade_bored_becter, kennysheep_cross_room
D:6:      layout_cave_pods, zin_statuary, elyvilon_altar_5, fountainhead,
          nicolae_benzene_ring, uniq_menkaure
D:7:      layout_cave_pools, minmay_temple_entry_mini_moons
D:8:      layout_basic, dk_yredelemnul_ordeal, serial_shops, kennysheep_mini
D:9:      layout_gridville, mainiacjoe_overflow_concentric_impassable,
          mainiacjoe_overflow_small_starburst
D:10:     layout_irregular_city, gammafunk_temple_overflow_statue,
          due_lair_maze_entry_diamond, erik_orc_2
D:11:     layout_basic
D:12:     layout_roguey, special_room [special_room_bee], uniq_fannar,
          uniq_azrael
D:13:     layout_basic, dancing_weapons_uskayaw, uniq_lodul
D:14:     kennysheep_blocky_room, layout_small_grid, erik_vaults_1,
          gauntlet_entry_generic, infiniplex_staircase_zigzag_2
D:15:     hangedman_depths_entry_try_elsewhere_first, layout_long_grid,
          serial_bayou, serial_bayou_crossing, serial_bayou_pond_d,
          serial_bayou_pond_d, serial_bayou_pond_c, drop_trap, uniq_louise
Temple:   chequers_temple_sunken
Lair:1:   layout_small_grid, chequers_serial_rivers_micro_e
Lair:2:   layout_layer_cave, nicolae_volcano_entry_batcave, grunt_megastairs_4,
          uniq_urug, uniq_amaemon
Lair:3:   layout_roguey, shoals_dummy_entry, nicolae_spider_entry_tight_spaces
Lair:4:   layout_roguey, dpeg_slime_entry_enclosed
Lair:5:   evilmike_catoblepas_cave, layout_long_grid, serial_bayou_shore_b,
          serial_bayou_shore_b
Shoals:1: layout_shoals, serial_shops, nicolae_shop_tiny_statue_garden,
          nicolae_shop_vocational, uniq_josephine, uniq_mlioglotl, uniq_frances,
          uniq_aizul
Shoals:2: layout_shoals, uniq_donald
Shoals:3: layout_shoals, nicolae_shoals_dead_sea_scrolls
Shoals:4: shoals_end_hangedman, layout_shoals, ebering_ghost_inner_flame
Spider:1: layout_spider_delve
Spider:2: layout_chambers, guppyfry_spider_mini_3
Spider:3: layout_spider_delve
Spider:4: hellmonk_spider_rune_bug_friends
Slime:1:  layout_caves
Orc:1:    layout_caves, uniq_nergalle
Orc:2:    hellmonk_orc_salted, layout_diamond_mine, portal_ice_cave_entry_imps
Vaults:1: portal_desolation_entry_holy_temple, v_misc_2,
          hangedman_vaults_capsules, nicolae_vaults_surprise_closet,
          nicolae_vaults_trapezoid_4, nicolae_vaults_specimen_jars,
          nicolae_vaults_closet_pinwheel_3, nicolae_vaults_quartermaster,
          nicolae_vaults_variable_pillar_hall, nicolae_vaults_apartment_1,
          v_misc_12, layout_vaults_chaotic_city

Skill      XL: |  1  2  3  4  5  6  7  8  9 10 11 12 13 14 15 16 17 18 |
---------------+-------------------------------------------------------+-----
Fighting       | 3 4 7 10 12 16 | 16.9
Short Blades   | 2 3 5 7 10 13 14 | 14.0
Stealth        | 3 8 9 12 14 16 | 16.3
Shapeshifting  | 4 7 11 12 15 | 15.2
Evocations     | 4 7 10 14 15 | 15.1
Invocations    | 1 5 9 |  9.3
Dodging        | 4 5 7 |  7.1
Maces & Flails | 5 |  5.3
Unarmed Combat | |  2.6

Action                     |  1- 3 |  4- 6 |  7- 9 | 10-12 | 13-15 | 16-18 || total
---------------------------+-------+-------+-------+-------+-------+-------++-------
  Melee: Unarmed           |     9 |       |     2 |       |       |    52 ||    63
         Flail             |    22 |    18 |       |       |       |       ||    40
         Dagger            |       |    71 |   282 |   478 |   868 |       ||  1699
         Punch             |       |     1 |     6 |    21 |    48 |       ||    76
         Constrict         |       |       |       |       |   216 |   234 ||   450
         Quick blade       |       |       |       |       |   480 |  1718 ||  2198
 Invoke: Recall Ancestor   |       |       |     3 |     3 |     2 |     1 ||     9
         Ancestor Life: He |       |       |     1 |       |       |       ||     1
         Transference      |       |       |       |     2 |     1 |       ||     3
         Idealise          |       |       |       |     3 |     2 |       ||     5
Ability: Spit Poison       |    16 |    18 |    39 |    68 |    93 |    15 ||   249
  Evoke: Wand              |       |       |     4 |    35 |    10 |    45 ||    94
         Lightning rod     |       |       |       |       |     6 |    10 ||    16
         Tin of tremorston |       |       |       |       |       |     5 ||     5
    Use: Scroll            |       |       |     7 |     8 |    12 |    13 ||    40
         Potion            |       |       |     7 |     7 |     3 |     4 ||    21
   Stab: Sleeping          |     1 |     3 |     2 |     1 |    12 |    19 ||    38
         Distracted        |       |     2 |     5 |    12 |    19 |    16 ||    54
         Confused          |       |       |    11 |    11 |    42 |    38 ||   102
         Paralysed         |       |       |       |       |    21 |    50 ||    71
         Invisible         |       |       |       |       |     1 |       ||     1
         Held in net/web   |       |       |       |       |     1 |       ||     1
 Armour: Animal skin       |     2 |    17 |    24 |       |       |       ||    43
         Skin              |       |       |     2 |       |       |    77 ||    79
         Steam dragon scal |       |       |     1 |    60 |    82 |       ||   143
         Robe              |       |       |       |       |    22 |   180 ||   202
         Acid dragon scale |       |       |       |       |       |    18 ||    18
  Dodge: Dodged            |    18 |    41 |    83 |   212 |   481 |   557 ||  1392
  Block: Other             |       |       |       |       |    13 |       ||    13
         Buckler           |       |       |       |       |     6 |   265 ||   271
   Form: Statue            |       |       |       |       |       |     1 ||     1
         Beast             |       |       |       |       |       |     1 ||     1

Table legend: (Time is in decaauts)
 A = Elapsed time spent in this place.
 B = Non-inter-level travel time spent in this place.
 C = Inter-level travel time spent in this place.
 D = Time resting spent in this place.
 E = Time spent auto-exploring this place.
 F = Levels seen in this place.
 G = Mean time per level.
                   A        B        C        D        E       F      G
               +--------+--------+--------+--------+--------+-----+--------+
         Total |  49107 |  45472 |   3635 |   7053 |  30186 |  36 | 1364.1 |
       Dungeon |  20111 |  18425 |   1686 |   1624 |  14004 |  15 | 1340.7 |
        Temple |    243 |    236 |      7 |      0 |    229 |   1 |  243.0 |
          Lair |   9969 |   9124 |    845 |   1414 |   6331 |   5 | 1993.8 |
        Shoals |   5940 |   5632 |    308 |    956 |   3534 |   4 | 1485.0 |
   Spider Nest |   6537 |   6014 |    523 |   1134 |   4026 |   4 | 1634.2 |
    Slime Pits |     14 |     14 |      0 |      0 |      0 |   1 |   14.0 |
  Orcish Mines |   2698 |   2453 |    245 |    729 |   1082 |   2 | 1349.0 |
        Vaults |    492 |    473 |     19 |     48 |     84 |   1 |  492.0 |
      Ice Cave |   1440 |   1440 |      0 |    706 |    289 |   1 | 1440.0 |
       Volcano |    813 |    813 |      0 |    194 |    301 |   1 |  813.0 |
      Gauntlet |    844 |    844 |      0 |    247 |    303 |   1 |  844.0 |
               +--------+--------+--------+--------+--------+-----+--------+

Top non-repeatable levels by time:
  Lair:2: 2546 daAuts
Spider:3: 2437 daAuts
  Lair:3: 2284 daAuts
     D:8: 2108 daAuts
   Orc:2: 2099 daAuts
  Lair:5: 1924 daAuts
    D:10: 1854 daAuts
Shoals:4: 1836 daAuts
Shoals:3: 1810 daAuts
Spider:2: 1797 daAuts
  Lair:4: 1682 daAuts
     D:6: 1614 daAuts
     D:2: 1545 daAuts
  Lair:1: 1532 daAuts
    D:14: 1514 daAuts
